 Dungeon Crawl Stone Soup version 0.30.0-20-g3615ddf2f0 (webtiles) character file.

Game seed: 10440657922684867680

761 qw the Chopper (level 7, 0/44 HPs)
             Began as a Gargoyle Fighter on June 1, 2023.
             Slain by a gnoll sergeant
             ... wielding a +0 trident
              (6 damage)
             ... on level 5 of the Dungeon.
             The game lasted 00:01:48 (3736 turns).

qw the Chopper (Gargoyle Fighter)                   Turns: 3736, Time: 00:01:49

Health: 0/44       AC: 19    Str: 21    XL:     7   Next: 80%
Magic:  0/7        EV:  6    Int:  9    God:
Gold:   209        SH:  4    Dex:  9    Spells: 6/6 levels left

rFire   + + .        Y - +1 war axe
rCold   . . .        c - +0 buckler
rNeg    + . .        s - +0 plate armour
rPois   inf          (no helmet)
rElec   +            t - +2 cloak
rCorr   .            (no gloves)
SInv    .            (no boots)
Will    .....        g - amulet of guardian spirit Stlth
                     k - ring of protection from fire
HPRegen 0.27/turn    n - ring of protection from fire
MPRegen 0.10/turn

%: guardian spirit
@: about to teleport
A: sickness immunity, AC +4, negative energy resistance 1, electricity
resistance, torment resistance 1, petrification resistance
a: no special abilities


You were on level 5 of the Dungeon.
You visited 1 branch of the dungeon, and saw 5 of its levels.

You collected 229 gold pieces.
You spent 20 gold pieces at shops.


Innate Abilities, Weirdness & Mutations

You are immune to sickness and miasma.
Your stone body is resilient. (AC +4)
You are immune to poison.
You resist negative energy. (rN+)
You are resistant to electric shocks. (rElec)
You are resistant to unholy torment.
You are immune to petrification.


   Skills:
 + Level 4.4 Fighting
 - Level 7.0 Axes
 - Level 4.0 Armour
 - Level 0.8 Dodging
 - Level 3.2 Shields


You had 6 spell levels left.
You didn't know any spells.
Your spell library was empty.

Inventory:

Hand Weapons
 u - a +0 flail
 Y - a +1 war axe (weapon)
Armour
 b - a +0 pair of gloves
 c - a +0 buckler (worn)
 s - a +0 plate armour (worn)
 t - a +2 cloak (worn)
Jewellery
 g - an amulet of guardian spirit (around neck)
 k - a ring of protection from fire (left hand)
 n - a ring of protection from fire (right hand)
Scrolls
 e - a scroll of vulnerability {unknown}
 i - a scroll of identify
Potions
 d - a potion of might
 f - a potion of lignification {unknown}
 h - a potion of cancellation {unknown}
 j - a potion of flight {unknown}
 l - a potion of berserk rage {unknown}
 o - a potion of degeneration {unknown}
 q - a potion of attraction {unknown}
 r - a potion of mutation {unknown}

Dungeon Overview and Level Annotations

Branches:
Dungeon (5/15)
 Temple: D:4-7

Altars:
Elyvilon

Shops:
D:2 *


Message History

The gnoll sergeant hits you with a +0 trident.
You hit the gnoll sergeant.
The gnoll sergeant is moderately wounded.
The gnoll sergeant hits you but does no damage.
You hit the gnoll sergeant but do no damage.
The gnoll sergeant is moderately wounded.
The gnoll sergeant hits you but does no damage.
You hit the gnoll sergeant.
The gnoll sergeant is heavily wounded.
You block the gnoll sergeant's attack.
The gnoll sergeant hits you with a +0 trident.
The gnoll sergeant blocks your attack.
The gnoll sergeant is heavily wounded.
The gnoll sergeant hits you but does no damage.
The gnoll sergeant blocks your attack.
The gnoll sergeant is moderately wounded.
The gnoll sergeant barely misses you.
You hit the gnoll sergeant but do no damage.
The gnoll sergeant is moderately wounded.
You block the gnoll sergeant's attack. The gnoll sergeant blocks your attack.
The gnoll sergeant is moderately wounded.
You block the gnoll sergeant's attack. The gnoll sergeant blocks your attack.
The gnoll sergeant is moderately wounded.
The gnoll sergeant hits you but does no damage.
You barely miss the gnoll sergeant.
The gnoll sergeant is moderately wounded.
The gnoll sergeant hits you with a +0 trident! x2
3734 ||| READING scroll of teleportation.
As you read the scroll of teleportation, it crumbles to dust.
You feel strangely unstable.
The gnoll sergeant hits you with a +0 trident.
You hit the gnoll sergeant.
The gnoll sergeant is severely wounded.
The gnoll sergeant barely misses you. The gnoll sergeant blocks your attack.
The gnoll sergeant is severely wounded.
The gnoll sergeant hits you with a +0 trident!
You die...

#..........###.#
# #.>........#
#.# #
#..........
#.###
###..........
..##g
#............
.....g
#.######.....
....#. #.## ....
....g. #..### ..
....5 ##.@.#
.... ###g# ...
[# . .. #.# .#
.# .#


You could see a gnoll sergeant.

Vanquished Creatures
  Sigmund (D:3)
  2 ogres (D:5)
  A scorpion (D:5)
  A howler monkey (D:5)
  A hound (D:5)
  A jelly (D:4)
  An orc priest (D:5)
  An orc wizard (D:5)
  2 gnolls (D:5)
  5 adders
  A white imp (D:5)
  A worm (D:3)
  9 orcs
  7 ball pythons
  4 bats
  4 endoplasms
  4 giant cockroaches
  3 goblins
  4 hobgoblins
  6 jackals
  4 kobolds
  4 quokkas
  2 frilled lizards (D:2)
  3 rats
72 creatures vanquished.

Vanquished Creatures (collateral kills)
  A phantom (D:4)
1 creature vanquished.

Vanquished Creatures (others)
  A worm (D:4)
  A butterfly (D:4)
2 creatures vanquished.

Grand Total: 75 creatures vanquished

Notes
Turn   | Place    | Note
-------+----------+-------------------------------------------
     0 | D:1      | qw the Gargoyle Fighter began the quest for the Orb.
     0 | D:1      | Reached XP level 1. HP: 14/14 MP: 1/1
     0 | D:1      | 0 ||| qw: Version: 0.2-a-102-gfc559e5
     0 | D:1      | 0 ||| qw: Game counter: 652
     0 | D:1      | 0 ||| qw: Always use a shield: true
     0 | D:1      | 0 ||| qw: God list: Okawaru
     0 | D:1      | 0 ||| qw: Allow faded altars: false
     0 | D:1      | 0 ||| qw: Do Orc after D:15 true
     0 | D:1      | 0 ||| qw: Do second Lair branch before Depths: true
     0 | D:1      | 0 ||| qw: Lair rune preference: random
     0 | D:1      | 0 ||| qw: Plans: Normal, Zot:1-4, Slime:5, God:TSO, Crypt,
                  | Tomb, Pan, Hells, Abyss, Win
     0 | D:1      | 0 ||| PLANNING D:1-11
    23 | D:1      | 23 ||| Stepping ~*~*~tactically~*~*~ (stealth).
    31 | D:1      | Reached skill level 2 in Axes
    71 | D:1      | Reached XP level 2. HP: 19/19 MP: 2/2
   701 | D:1      | 701 ||| UPGRADING to ring of protection from fire.
   702 | D:1      | 702 ||| READING scroll labelled VEVVODW ZYEZA.
   707 | D:1      | 707 ||| READING scroll labelled DEG GETOLORRYUNOA.
   708 | D:1      | 708 ||| READING scroll labelled JYTZAKHIAM.
   766 | D:2      | 766 ||| Stepping ~*~*~tactically~*~*~ (stealth).
   771 | D:2      | Reached skill level 3 in Axes
   875 | D:2      | Reached XP level 3. HP: 20/23 MP: 3/3
   893 | D:2      | Found Tenik's Assorted Antiques.
   902 | D:2      | 902 ||| SHOPLISTING 2 viscous puce potions (41 gold, have
                  | 36).
   902 | D:2      | 902 ||| BUYING bubbling purple potion (20 gold).
   902 | D:2      | Bought a bubbling purple potion for 20 gold pieces
   902 | D:2      | 902 ||| SHOPLISTING runed lead wand (92 gold, have 16).
   902 | D:2      | 902 ||| SHOPLISTING scroll labelled BEJ SU PEYCSO (23 gold,
                  | have 16).
   902 | D:2      | 902 ||| SHOPLISTING tapered gold wand (92 gold, have 16).
   902 | D:2      | 902 ||| SHOPLISTING whip (57 gold, have 16).
   902 | D:2      | 902 ||| SHOPLISTING yellow potion (20 gold, have 16).
  1056 | D:2      | 1056 ||| Stepping ~*~*~tactically~*~*~ (stealth).
  1071 | D:2      | 1071 ||| Stepping ~*~*~tactically~*~*~ (stealth).
  1220 | D:2      | 1220 ||| DROPPING +0 club.
  1332 | D:2      | 1332 ||| UPGRADING to amulet of guardian spirit.
  1337 | D:2      | 1337 ||| UPGRADING to ring of protection from fire.
  1338 | D:2      | 1338 ||| READING scroll labelled RITIF XARUFA.
  1339 | D:2      | 1339 ||| READING scroll labelled BOLLEIN HUSCH.
  1672 | D:3      | Noticed Sigmund
  1684 | D:3      | Killed Sigmund
  1685 | D:3      | Reached skill level 5 in Axes
  1685 | D:3      | Reached XP level 4. HP: 9/28 MP: 1/4
  1685 | D:3      | Reached XP level 5. HP: 10/32 MP: 1/5
  2198 | D:3      | 2198 ||| READING scroll labelled BEJ SU PEYCSO.
  2199 | D:3      | 2199 ||| READING 2 scrolls labelled WOMOLO UWAEF.
  2300 | D:3      | 2300 ||| DRINKING 2 bubbling purple potions.
  2301 | D:3      | 2301 ||| DRINKING 2 metallic brown potions.
  2302 | D:3      | 2302 ||| DROPPING potion of brilliance.
  2303 | D:3      | 2303 ||| DROPPING scroll of silence.
  2381 | D:4      | Reached XP level 6. HP: 37/37 MP: 6/6
  2401 | D:4      | Found a white marble altar of Elyvilon.
  2513 | D:4      | 2513 ||| UPGRADING to +0 cloak.
  2561 | D:4      | 2561 ||| Stepping ~*~*~tactically~*~*~ (stealth).
  2650 | D:4      | 2650 ||| Stepping ~*~*~tactically~*~*~ (stealth).
  2683 | D:4      | 2683 ||| DROPPING +0 whip.
  3041 | D:4      | 3041 ||| UPGRADING to +0 plate armour.
  3051 | D:4      | 3051 ||| DROPPING +0 scale mail.
  3052 | D:4      | 3052 ||| UPGRADING to +2 cloak.
  3062 | D:4      | 3062 ||| DROPPING +0 cloak.
  3063 | D:4      | 3063 ||| READING scroll labelled CITUFUNUQE.
  3108 | D:5      | Entered Level 5 of the Dungeon
  3115 | D:5      | Reached skill level 6 in Axes
  3142 | D:5      | Reached XP level 7. HP: 43/43 MP: 7/7
  3195 | D:5      | 3195 ||| Stepping ~*~*~tactically~*~*~ (stealth).
  3207 | D:5      | 3207 ||| Stepping ~*~*~tactically~*~*~ (hiding).
  3217 | D:5      | HP: 8/43 [gnoll/+0 spear[a gnoll sergeant] (6)]
  3218 | D:5      | 3218 ||| READING 3 scrolls of teleportation.
  3219 | D:5      | 3219 ||| DRINKING potion of heal wounds.
  3313 | D:5      | Reached skill level 7 in Axes
  3437 | D:5      | HP: 5/43 [gnoll sergeant/+0 trident (10)]
  3438 | D:5      | 3438 ||| READING 2 scrolls of teleportation.
  3717 | D:5      | 3717 ||| Stepping ~*~*~tactically~*~*~ (stealth).
  3733 | D:5      | HP: 8/44 [gnoll sergeant/+0 trident (9)]
  3734 | D:5      | 3734 ||| READING scroll of teleportation.
  3736 | D:5      | Slain by a gnoll sergeant

Levels and vault maps discovered:
D:1:      lemuel_arrival_river_ford, layout_basic, nrook_campfire,
          minmay_tiny_reverse_x
D:2:      layout_rooms, serial_shops, nicolae_shop_advertising_works
          [nicolae_subvault_shop_adworks]
D:3:      layout_basic, amcnicky_mini_rare_corridor_liquid, uniq_sigmund
D:4:      layout_loops_ring, nicolae_elyvilon_peaceful_grove,
          lemuel_flame_loot_1
D:5:      layout_rooms, minmay_misc_feat_five

Skill      XL: |  1  2  3  4  5  6  7 |
---------------+----------------------+-----
Axes           | 2 3 5 6 7 |  7.0
Fighting       | 4 |  4.4
Armour         | 4 |  4.0
Dodging        | |  0.8
Shields        | |  3.2

Action                     |  1- 3 |  4- 6 |  7- 9 || total
---------------------------+-------+-------+-------++-------
  Melee: War axe           |   136 |    61 |    76 ||   273
    Use: Scroll            |     5 |     3 |     3 ||    11
         Potion            |       |     2 |     1 ||     3
 Armour: Scale mail        |    62 |    24 |       ||    86
         Plate armour      |       |     6 |    63 ||    69
  Dodge: Dodged            |    51 |    24 |    28 ||   103
  Block: Buckler           |    29 |     9 |    16 ||    54

Table legend:
 A = Non-vault XP
 B = Vault XP
 C = Vault XP percentage of total XP
 D = Non-vault monster count
 E = Vault monster count
 F = Vault count percentage of total count
                 A         B        C        D         E       F
            +---------+---------+-------+---------+---------+-------
      Total |     859 |     229 |  21.0 |      70 |       3 |   4.1
            +---------+---------+-------+---------+---------+-------
        D:1 |      26 |       3 |  10.3 |      14 |       2 |  12.5
        D:2 |      38 |       0 |   0.0 |      15 |       0 |   0.0
        D:3 |      21 |     226 |  91.5 |      12 |       1 |   7.7
        D:4 |     212 |       0 |   0.0 |      13 |       0 |   0.0
        D:5 |     562 |       0 |   0.0 |      16 |       0 |   0.0
            +---------+---------+-------+---------+---------+-------
